 Dungeon Crawl Stone Soup version 0.30-a0-374-g95c0257040 (webtiles) character file.

Game seed: 11264818245416524609

252 KennySheep the Shooter (level 5, -4/41 HPs)
             Began as a Demigod Hunter on Nov 25, 2022.
             Killed from afar by an orc wizard (15 damage)
             ... with a puff of flame
             ... on level 4 of the Dungeon.
             The game lasted 00:05:01 (3124 turns).

KennySheep the Shooter (Demigod Hunter)             Turns: 3124, Time: 00:05:01

Health: -4/41      AC:  4    Str: 12    XL:     5   Next: 57%
Magic:  7/7        EV: 12    Int: 11    God:
Gold:   150        SH:  0    Dex: 21    Spells: 4/4 levels left

rFire   x . .      SeeInvis .    a - +0 shortbow
rCold   . . .      Faith    .    (shield currently unavailable)
rNeg    + . .      Spirit   .    k - +1 leather armour "Ycyh" {Harm rPois rF-}
rPois   +          Reflect  .    (no helmet)
rElec   .          Harm     +    (no cloak)
rCorr   .          Rampage  .    (no gloves)
Will    .....                    (no boots)
Stlth   ++........               (no amulet)
HPRegen 0.26/turn                m - ring of positive energy
MPRegen 0.10/turn                u - +4 ring of slaying

@: no status effects
A: high MP 1, forlorn, divine attributes
a: no special abilities


You were on level 4 of the Dungeon.
You visited 1 branch of the dungeon, and saw 4 of its levels.

You collected 150 gold pieces.

Inventory:

Hand Weapons
 a - a +0 shortbow (weapon)
 q - a +1 dagger of venom
Armour
 c - a +0 leather armour
 k - the +1 leather armour "Ycyh" (worn) {Harm rPois rF-}
   (You found it on level 2 of the Dungeon)

   rF:        It makes you vulnerable to fire.
   rPois:     It protects you from poison.
   Harm:      It increases damage dealt and taken.
Jewellery
 m - a ring of positive energy (left hand)
 r - a ring of resist corrosion
 u - a +4 ring of slaying (right hand)
Wands
 o - a wand of digging (4)
 v - a wand of quicksilver (9)
Scrolls
 b - a scroll of immolation
 d - a scroll of poison
 g - a scroll of amnesia
 i - 4 scrolls of teleportation
 j - a scroll of blinking
 t - a scroll of identify
 w - a scroll of summoning {unknown}
Potions
 e - a potion of heal wounds {unknown}
 f - a potion of degeneration {unknown}
 h - 2 potions of might {unknown}
 l - a potion of ambrosia {unknown}
 n - 2 potions of curing
 p - a potion of brilliance {unknown}
 s - a potion of attraction {unknown}


   Skills:
 - Level 1.7 Fighting
 + Level 6.6 Ranged Weapons
 - Level 1.7 Dodging
 - Level 0.8 Stealth


You had 4 spell levels left.
You didn't know any spells.
Your spell library contained the following spells:

 Spells                   Type           Power      Damage    Failure   Level
 Freeze                   Ice            0%         1d3       41%         1


Dungeon Overview and Level Annotations

Branches:
Dungeon (4/15)
 Temple: D:4-7

Annotations:
D:3 3 runed translucent doors, pigah's ghost, amateur OpWn


Innate Abilities, Weirdness & Mutations

You have an increased reservoir of magic. (+10% MP)
You shall have no god before yourself.
Your divine heritage dramatically boosts your attributes as you level up.


Message History

The orc priest looks satisfied for a moment.
Something hits you.
You shoot an arrow. The arrow hits the orc priest!
You kill the orc priest!
You hear some strange, mumbled words.
A puff of flame appears from out of thin air!
The puff of flame hits you! The fire burns you terribly! Something hits you.
Fire: a) +0 shortbow
Press: ? - help, Q - select action, (/) - cycle Shift-Dir - straight line You shoot an arrow.
You hear some strange, mumbled words.
A magic dart appears from out of thin air!
The magic dart hits you.
Fire: a) +0 shortbow
Press: ? - help, Q - select action, (/) - cycle Shift-Dir - straight line You shoot an arrow.
Something hits you.
Fire: a) +0 shortbow
Press: ? - help, Q - select action, (/) - cycle Shift-Dir - straight line You shoot an arrow.
You hear some strange, mumbled words.
Something tries to affect you, but you resist.
Fire: a) +0 shortbow
Press: ? - help, Q - select action, (/) - cycle Shift-Dir - straight line You shoot an arrow.
You hear some strange, mumbled words.
Something tries to affect you, but you resist.
Something hits you but does no damage.
Fire: a) +0 shortbow
Press: ? - help, Q - select action, (/) - cycle Shift-Dir - straight line You shoot an arrow.
You hear some strange, mumbled words.
A puff of flame appears from out of thin air!
The puff of flame hits you! The fire burns you terribly!
* * * LOW HITPOINT WARNING * * *
You hear the rapid hiss of a very distant avalanche of sand.
You hear some strange, mumbled words.
A puff of flame appears from out of thin air!
The puff of flame hits you! The fire burns you terribly!
You die...

...........#..###.#....####
........#.....###.#........
...........#......##.......
##'#....)..................
...#...[.....#.#####.......
. #................+.......
#.......######.###.......
#.#...)###.#....#...##..#
#.#...g#@._##.#...#.##... #
#...{'...8#.....#....#.
###..#⌠._######......#.
#..###.#.............
#...###########......
#....###### #....<..
#.........# #.......
#.........# #.#....#
#.........# #.#....#


There were no monsters in sight!

Vanquished Creatures
  An orc priest (D:4)
  Jessica (D:3)
  An iguana (D:4)
  2 orc wizards (D:4)
  3 adders
  A worm (D:3)
  3 dart slugs (D:3)
  6 orcs
  5 ball pythons
  2 bats
  6 endoplasms
  5 goblins
  8 hobgoblins
  6 jackals
  8 kobolds
  2 quokkas
  A frilled lizard (D:3)
  20 rats
81 creatures vanquished.

Vanquished Creatures (others)
  3 fungi (D:3)
  A plant (D:3)
4 creatures vanquished.

Grand Total: 85 creatures vanquished

Notes
Turn   | Place    | Note
-------+----------+-------------------------------------------
     0 | D:1      | KennySheep the Demigod Hunter began the quest for the Orb.
     0 | D:1      | Reached XP level 1. HP: 17/17 MP: 3/3
   143 | D:1      | Reached skill level 4 in Ranged Weapons
   156 | D:1      | Reached XP level 2. HP: 24/24 MP: 4/4
   592 | D:1      | You fall into a shaft and drop 1 floor!
   611 | D:2      | Identified the +1 leather armour "Ycyh" {Harm rPois rF-}
   956 | D:2      | Got Plato's Quarto of the Chill
  1480 | D:3      | Reached XP level 3. HP: 29/29 MP: 5/5
  1490 | D:3      | Found a runed translucent gate.
  1490 | D:3      | Found a runed translucent gate.
  1490 | D:3      | Found a runed translucent gate.
  1491 | D:3      | Noticed a kobold brigand
  1491 | D:3      | Noticed pigah's ghost (amateur OpWn)
  1774 | D:3      | Reached skill level 5 in Ranged Weapons
  2208 | D:3      | Noticed Jessica
  2209 | D:3      | Killed Jessica
  2210 | D:3      | Reached XP level 4. HP: 36/36 MP: 6/6
  2605 | D:4      | Reached skill level 6 in Ranged Weapons
  2605 | D:4      | Reached XP level 5. HP: 18/41 MP: 7/7
  3124 | D:4      | Killed from afar by an orc wizard

Illustrated notes

Levels and vault maps discovered:
D:1:      dpeg_arrival_lava_temple_mockup, layout_loops_ring
D:2:      layout_basic, shapermc_ecumenical_altar_rom_forum
D:3:      wad_crossroads, layout_basic,
          nicolae_dithmenos_through_a_glass_darkly,
          gammafunk_ghost_nasty_kobolds, minmay_rat_hole, uniq_jessica
D:4:      layout_basic, mainiacjoe_overflow_concentric_impassable,
          lemuel_tele_altar, gammafunk_temple_overflow_statue,
          chequers_ossuary_entry_cave, minmay_bent

Skill      XL: |  1  2  3  4 |
---------------+-------------+-----
Ranged Weapons | 4 5 6 |  6.6
Fighting       | |  1.7
Dodging        | |  1.7
Stealth        | |  0.8

Action                   |  1- 3 |  4- 6 || total
-------------------------+-------+-------++-------
 Fire: Shortbow          |    80 |    85 ||   165
  Use: Scroll            |     4 |       ||     4
       Potion            |     1 |     2 ||     3
Armor: Leather armour    |    12 |     5 ||    17
Dodge: Dodged            |    18 |     6 ||    24

Table legend: (Time is in decaauts)
 A = Elapsed time spent in this place.
 B = Non-inter-level travel time spent in this place.
 C = Inter-level travel time spent in this place.
 D = Time resting spent in this place.
 E = Time spent auto-exploring this place.
 F = Levels seen in this place.
 G = Mean time per level.
                   A        B        C        D        E       F      G
               +--------+--------+--------+--------+--------+-----+--------+
         Total |   3167 |   3093 |     74 |    222 |   2396 |   4 |  791.8 |
       Dungeon |   3167 |   3093 |     74 |    222 |   2396 |   4 |  791.8 |
               +--------+--------+--------+--------+--------+-----+--------+

Top non-repeatable levels by time:
     D:3: 1130 daAuts
     D:2: 816 daAuts
     D:1: 671 daAuts
     D:4: 548 daAuts
